 Dungeon Crawl Stone Soup version 0.23.2-1-ga50397a (webtiles) character file.

Game seed: 12209373067862975106

93 forest the Sneak (level 4, -2/23 HPs)
             Began as a Spriggan Assassin on June 1, 2019.
             Slain by an orc
             ... wielding a +0 war axe
              (7 damage)
             ... on level 3 of the Dungeon.
             The game lasted 00:06:47 (2567 turns).

forest the Sneak (Spriggan Assassin)                Turns: 2567, Time: 00:06:48

Health: -2/23      AC:  4    Str: 13    XL:     4   Next: 37%
Magic:  5/5        EV: 17    Int: 12    God:
Gold:   41         SH:  0    Dex: 17    Spells: 3/3 levels left

rFire    . . .     SeeInvis +   p - +2 hunting sling (flame)
rCold    . . .     Gourm    .   (shield restricted)
rNeg     . . .     Faith    .   c - +1 robe
rPois    .         Spirit   .   (helmet restricted)
rElec    .         Reflect  .   d - +0 cloak
rCorr    .         Harm     .   (gloves unavailable)
MR       .....                  (boots unavailable)
Stlth    ++++......             (no amulet)
HPRegen  0.07/turn              (no ring)
MPRegen  0.09/turn              (no ring)

@: mighty, very quick
A: very small, unfitting armour, see invisible, herbivore, speed 3, slow
metabolism 2
a: no special abilities


You were on level 3 of the Dungeon.
You were not hungry.

You visited 1 branch of the dungeon, and saw 3 of its levels.

You collected 41 gold pieces.

Inventory:

Hand Weapons
 a - a +2 dagger
 b - a +0 blowgun
 m - a +0 hunting sling
 p - a +2 hunting sling of flaming (weapon)
Missiles
 e - 8 poisoned needles
 f - 2 curare-tipped needles
 h - 67 stones (quivered)
 i - 65 sling bullets
Armour
 c - a +1 robe (worn)
 d - a +0 cloak (worn)
Jewellery
 l - an uncursed ring of resist corrosion {unknown}
Wands
 o - a wand of enslavement (11)
Scrolls
 q - 3 scrolls of enchant armour
 r - a scroll of remove curse
Potions
 k - a potion of brilliance
 n - a potion of curing
Comestibles
 g - 3 rations


   Skills:
 + Level 1.7 Fighting
 + Level 3.0 Short Blades
 + Level 2.2 Throwing
 + Level 2.3 Dodging
 + Level 7.9 Stealth


You had 3 spell levels left.
You didn't know any spells.
Your spell library was empty.

Dungeon Overview and Level Annotations

Branches:
Dungeon (3/15)

Altars:
Qazlal


Innate Abilities, Weirdness & Mutations

You are very small and have problems with some larger weapons.
You are too small for most types of armour.
You have supernaturally acute eyesight. (SInv)
You are a herbivore.
You cover ground extremely quickly.
You need to consume almost no food.


Message History

The gnoll is severely wounded.
The gnoll closely misses you. The gnoll hits you but does no damage.
The gnoll barely misses you.
Firing (i - inventory. (/) - cycle)
h - 69 stones (quivered)
Press: ? - help, Shift-Dir - straight line, f/p - gnoll
Aim: a gnoll (severely wounded)
You shoot a stone. The stone barely misses the gnoll. x2
The gnoll misses you. The orc hits you with a +0 war axe!
The orc wizard yells repeatedly, as Orcs often do.
The gnoll closely misses you. The gnoll hits you but does no damage.
Firing (i - inventory. (/) - cycle)
h - 68 stones (quivered)
Press: ? - help, Shift-Dir - straight line, f/p - gnoll
Aim: a gnoll (severely wounded)
You shoot a stone. The stone barely misses the gnoll.
The stone hits the gnoll!
The stone burns the gnoll.
The gnoll is severely wounded.
The gnoll hits you from afar with a +0 halberd.
* * * LOW HITPOINT WARNING * * *
The gnoll closely misses you. The orc hits you with a +0 war axe!
You die... #.##.##.# # #..##.# #.#.###.# #.#.###.# #...(...# .[o. ###..#### ..g. #ggg#

####S#### ##g##
#.......# #@#
#.##....#
#o#####.##....##
#o...o.o.....<.###
#######oS.........
#........###
#...........
####...####. #.###
##.##


You could see an orc wizard, 4 gnolls and an orc.

Vanquished Creatures
  2 adders (D:2)
  2 worms
  2 dart slugs (D:1)
  2 leopard geckos
  An orc (D:3)
  3 giant cockroaches
  7 goblins
  6 hobgoblins
  11 jackals
  6 kobolds
  7 bats
  3 frilled lizards (D:1)
  3 rats (D:1)
55 creatures vanquished.

Notes
Turn   | Place    | Note
-------+----------+-------------------------------------------
     0 | D:1      | forest the Spriggan Assassin began the quest for the Orb.
     0 | D:1      | Reached XP level 1. HP: 10/10 MP: 2/2
    54 | D:1      | Reached skill level 6 in Stealth
   121 | D:1      | Reached XP level 2. HP: 14/14 MP: 3/3
   212 | D:1      | Reached skill level 7 in Stealth
   574 | D:1      | Reached XP level 3. HP: 12/18 MP: 4/4
  1512 | D:2      | Reached XP level 4. HP: 11/23 MP: 5/5
  1800 | D:2      | Found a stormy altar of Qazlal.
  2206 | D:3      | Found a faded altar of an unknown god.
  2567 | D:3      | Slain by an orc

Skill      XL: |  1  2  3  4 |
---------------+-------------+-----
Stealth        | 6 7 |  7.9
Dodging        | 2 |  2.3
Short Blades   | 3 |  3.0
Fighting       | |  1.7
Throwing       | |  2.2

Action                   |  1- 3 |  4- 6 || total
-------------------------+-------+-------++-------
Melee: Dagger            |   147 |    62 ||   209
 Fire: Blowgun           |     1 |     1 ||     2
       Hunting sling     |       |     5 ||     5
  Use: Potion            |     6 |     1 ||     7
       Scroll            |     2 |     3 ||     5
 Stab: Sleeping          |    12 |     1 ||    13
Armor: Robe              |    15 |    10 ||    25
Dodge: Dodged            |   125 |    45 ||   170
